AoeStats
← ITA | Raffy

African Clearing

504063917Analyzed
4v4 RM · 29d ago on Sep 3, 2026· 41m 32s· 8 players
Game mode
Random Map
Map size
Large (8 player)
Population
200
Speed
Normal
Resources
Standard
Victory
Conquest
Starting age
Dark Age
Ending age
Imperial Age
RankedLock teamsTeams togetherTeam positionsShared explorationLock speedFull tech treeHidden civsTurbo modeCheats
Victory
Defeat
1501
+11
🇸🇮 Ethiopians · Slovenia
1475
+12
🇮🇹 Khmer · Italy
1432
+14
🇦🇷 Franks · Argentina
1368
+15
🇮🇳 Armenians · India
1432
-15
🇮🇳 Cumans · India
1391
-14
🇦🇷 Mongols · Argentina
1380
-13
🇭🇰 Slavs · Hong Kong SAR China
1309
-10
Mezsar
12:50 Feudal Age
13:30 Loom
13:07 Man-at-Arms
13:50 Arson
14:19 Long Swordsman
17:34 Horse Collar
20:14 Double-Bit Axe
24:33 Wheelbarrow
24:11 Fletching
29:20 Castle Age
27:34 Scale Mail Armor
28:23 Padded Archer Armor
28:25 Gold Mining
30:09 Forging
29:23 Two-Handed Swordsman
30:27 Bow Saw
31:30 Gambesons
32:12 Chain Mail Armor
32:15 Bodkin Arrow
32:48 Crossbowman
36:21 Heavy Plow
36:39 Champion
39:25 Ballistics
40:31 Iron Casting
Theoden_King
6:04 Loom
12:16 Feudal Age
23:03 Wheelbarrow
22:52 Double-Bit Axe
30:02 Castle Age
30:28 Bloodlines
30:28 Scale Barding Armor
30:34 Forging
33:27 Hand Cart
39:45 Pikeman
chengyp8676
13:10 Feudal Age
12:15 Loom
14:02 Double-Bit Axe
14:07 Man-at-Arms
19:51 Castle Age
21:22 Bloodlines
23:07 Bow Saw
25:40 Horse Collar
39:30 Wheelbarrow
40:18 Stone Mining
Chim cu đi tắm
6:04 Loom
13:13 Feudal Age
16:57 Castle Age
16:15 Fletching
18:11 Double-Bit Axe
20:26 Horse Collar
21:56 Ballistics
23:40 Bodkin Arrow
24:34 Padded Archer Armor
28:43 Thumb Ring
29:44 Leather Archer Armor
30:45 Bloodlines
30:47 Husbandry
32:20 Wheelbarrow
34:33 Bow Saw
34:24 Heavy Plow
40:02 Imperial Age
39:24 Hand Cart
Mr. Weedman
8:35 Loom
11:16 Feudal Age
13:54 Double-Bit Axe
20:19 Wheelbarrow
20:16 Fletching
24:39 Castle Age
23:50 Padded Archer Armor
24:44 Crossbowman
25:26 Bodkin Arrow
26:08 Bow Saw
28:47 Ballistics
29:34 Leather Archer Armor
37:38 Imperial Age
38:28 Bracer
38:59 Ring Archer Armor
39:38 Chemistry
39:09 Onager
40:31 Arbalester
ITA | CivettaAviotrasportata
9:26 Loom
13:27 Feudal Age
16:20 Double-Bit Axe
18:36 Castle Age
17:47 Scale Barding Armor
17:57 Horse Collar
19:08 Gold Mining
20:18 Husbandry
22:56 Bloodlines
23:18 Town Watch
26:35 Chain Barding Armor
28:36 Forging
35:26 Fletching
36:15 Iron Casting
39:34 Wheelbarrow
41:42 Hand Cart
DGHIR | Miloss
7:45 Loom
10:19 Loom
12:47 Feudal Age
32:32 Double-Bit Axe
36:44 Wheelbarrow
40:15 Castle Age
39:03 Scale Barding Armor
ITA | Raffy
5:12 Loom
11:38 Feudal Age
12:05 Double-Bit Axe
14:05 Forging
23:03 Castle Age
21:37 Horse Collar
22:51 Scale Barding Armor
23:22 Bloodlines
31:48 Gold Mining
31:49 Stone Mining
36:55 Gold Shaft Mining
38:04 Wheelbarrow
37:14 Town Watch
40:34 Imperial Age
38:55 Chain Barding Armor
42:30 Plate Barding Armor
41:24 Cavalier
Connection lost

Rejoining the realm…

Still unreachable

The connection could not be restored.

Session expired

The server has moved on; the page needs a fresh start.